 Dungeon Crawl Stone Soup version 0.26-a0-278-g3b0d5afba5 (webtiles) character file.

Game seed: 3040881615385934

2044 BritishOli the Skirmisher (level 9, -6/71 HPs)
             Began as a Demonspawn Fighter on July 12, 2020.
             Was a Follower of Okawaru.
             Mangled by a red devil
             ... wielding a +0 trident
             ... summoned by an orc high priest
              (12 damage)
             ... in a bailey.
             The game lasted 00:05:16 (4851 turns).

BritishOli the Skirmisher (Demonspawn Fighter)      Turns: 4851, Time: 00:05:16

Health: -6/71      AC: 14    Str: 20    XL:     9   Next: 4%
Magic:  0/9        EV:  4    Int: 10    God:    Okawaru [*.....]
Gold:   338        SH: 10    Dex: 12    Spells: 8/8 levels left

rFire    . . .     SeeInvis .   u - +1 long sword (curse)
rCold    + . .     Faith    .   c - +0 kite shield
rNeg     . . .     Spirit   +   z - +0 plate armour
rPois    .         Reflect  .   h - +0 helmet
rElec    .         Harm     .   (no cloak)
rCorr    .                      (no gloves)
MR       .....                  (no boots)
Stlth    ..........             f - amulet of regeneration
HPRegen  0.61/turn              n - ring of protection from cold
MPRegen  0.11/turn              (no ring)

@: no status effects
A: talons 1, spiny 1, magic shield
a: Heroism, Renounce Religion


You were in a bailey.
You worshipped Okawaru.
Okawaru was aware of your devotion.
You visited 2 branches of the dungeon, and saw 8 of its levels.
You also visited: Bailey.

You collected 338 gold pieces.

Inventory:

Hand Weapons
 a - a +0 long sword
 u - a cursed +1 long sword (weapon)
 v - a +1 great sword of flaming
Missiles
 i - a throwing net
 o - 6 javelins (quivered)
Armour
 b - a +0 scale mail
 c - a +0 kite shield (worn)
 h - a +0 helmet (worn)
 z - a +0 plate armour (worn)
Jewellery
 f - an amulet of regeneration (around neck)
 n - a ring of protection from cold (left hand)
 w - an uncursed ring of protection from fire {unknown}
Scrolls
 g - a scroll of blinking {unknown}
 j - 6 scrolls of remove curse {unknown}
 l - a scroll of random uselessness {unknown}
 p - 5 scrolls of identify {unknown}
 q - 3 scrolls of teleportation {unknown}
 s - a scroll of magic mapping {unknown}
 x - a scroll of fog {unknown}
 y - 3 scrolls of vulnerability {unknown}
Potions
 d - a potion of might
 e - 2 potions of curing {unknown}
 k - a potion of stabbing {unknown}
 m - 4 potions of flight {unknown}
 r - a potion of mutation {unknown}
 t - a potion of magic {unknown}
 A - a potion of resistance {unknown}


   Skills:
 + Level 6.6 Fighting
 + Level 5.6 Long Blades
 + Level 6.0 Armour
 + Level 6.0 Shields


You had 8 spell levels left.
You didn't know any spells.
Your spell library was empty.

Dungeon Overview and Level Annotations

Branches:
Dungeon (7/15)             Temple (1/1) D:6          Bailey (1/1)

Altars:
Ashenzari
Cheibriados
Dithmenos
Elyvilon
Fedhas
Gozag
Hepliaklqana
Kikubaaqudgha
Nemelex Xobeh
Okawaru
Qazlal
Ru
Sif Muna
Trog
Uskayaw
Vehumet
Wu Jian
Xom
Yredelemnul
Zin
The Shining One

Annotations:
D:6 3 runed translucent doors, hemabe71's ghost, novice HuAr


Innate Abilities, Weirdness & Mutations

You have sharp toenails.
You are partially covered in sharp spines.
When hurt, damage is shared between your health and your magic reserves.


Message History

Unknown command.
You slash the orc high priest!
The orc high priest is heavily wounded.
The red devil hits you from afar with a +0 trident.
You block the hobgoblin's attack.
The orc high priest hits you but does no damage.
The orc high priest calls down the wrath of Beogh upon you.
Beogh smites you!
* * * LOW HITPOINT WARNING * * *
You hit the orc high priest. You claw the orc high priest.
The orc high priest is heavily wounded.
The red devil hits you from afar with a +0 trident!
* * * LOW HITPOINT WARNING * * *
You block the hobgoblin's attack.
The orc high priest hits you but does no damage.
The chaos spawn gores you but does no damage.
You slash the orc high priest!
The orc high priest is severely wounded.
The red devil hits you from afar with a +0 trident!
You die...

#≈≈≈≈≈# #≈≈≈≈≈#
#+####### #≈≈≈≈≈#
#.......# #≈≈≈≈≈#
+.8.8g8.# #≈≈≈≈≈#
#..og@4.######≈≈≈≈≈#
#...4#o.....#.≈≈≈≈≈≈#
.#...
#......#.≈≈≈≈≈.###
.#..
#####''#.≈≈≈≈≈....
.#. #.....#.≈≈≈≈≈....
# #....)'..........
#..⌠.)'..........
#.....'..........
#.....#.≈≈≈≈≈....


You could see 2 orc high priests, a chaos spawn (summoned), a red devil
(summoned), a hobgoblin and a goblin.

Vanquished Creatures
  Grinder (D:3)
  Sigmund (D:3)
  A black bear (D:6)
  2 orc warriors
  A phantom (D:4)
  3 ogres
  A sky beast (D:6)
  2 bullfrogs (D:6)
  A scorpion (D:4)
  6 wights (D:6)
  A hound (D:7)
  A bullfrog skeleton (D:4)
  2 orc wizards (D:3)
  4 orc priests
  Terence (D:2)
  Jessica (D:2)
  3 worker ants
  9 adders
  A shadow imp (D:7)
  A white imp (D:7)
  2 oozes
  2 worms
  A dart slug (D:1)
  4 leopard geckos
  16 orcs
  2 giant cockroaches (D:3)
  10 goblins
  6 hobgoblins
  2 jackals (D:1)
  A quokka (D:2)
  4 ball pythons
  8 bats
  5 frilled lizards
  7 kobolds
  5 rats
118 creatures vanquished.

Notes
Turn   | Place    | Note
-------+----------+-------------------------------------------
     0 | D:1      | BritishOli the Demonspawn Fighter began the quest for the
                  | Orb.
     0 | D:1      | Reached XP level 1. HP: 18/18 MP: 1/1
   328 | D:1      | Gained mutation: You are partially covered in sharp spines.
                  | [demonic ancestry]
   328 | D:1      | Reached XP level 2. HP: 21/24 MP: 2/2
  1038 | D:1      | Reached XP level 3. HP: 29/29 MP: 3/3
  1234 | D:2      | Noticed Jessica
  1239 | D:2      | Killed Jessica
  1524 | D:2      | Reached XP level 4. HP: 35/35 MP: 4/4
  1569 | D:2      | Noticed Terence
  1583 | D:2      | Killed Terence
  2198 | D:3      | Gained mutation: You have sharp toenails. [demonic
                  | ancestry]
  2198 | D:3      | Reached XP level 5. HP: 12/42 MP: 5/5
  2545 | D:3      | Noticed Grinder
  2547 | D:3      | Paralysed by Grinder for 2 turns
  2562 | D:3      | Killed Grinder
  2562 | D:3      | Reached XP level 6. HP: 34/49 MP: 6/6
  2583 | D:3      | Noticed Sigmund
  2700 | D:3      | Killed Sigmund
  2700 | D:3      | Reached XP level 7. HP: 55/55 MP: 7/7
  2909 | D:3      | Reached skill level 5 in Fighting
  3287 | D:4      | Reached skill level 5 in Armour
  3287 | D:4      | Reached skill level 5 in Shields
  3287 | D:4      | Reached XP level 8. HP: 61/63 MP: 8/8
  3312 | D:4      | Found a sparkling altar of Nemelex Xobeh.
  3320 | D:4      | Found a shadowy altar of Dithmenos.
  3322 | D:4      | Found a basalt altar of Yredelemnul.
  3522 | D:5      | Entered Level 5 of the Dungeon
  3629 | D:5      | You fall into a shaft and drop 1 floor!
  3800 | D:6      | Found a blossoming altar of Fedhas.
  3812 | D:6      | Found a staircase to the Ecumenical Temple.
  3829 | Temple   | Entered the Ecumenical Temple
  3871 | Temple   | Became a worshipper of Warmaster Okawaru
  3908 | D:6      | Found a runed translucent gate.
  3908 | D:6      | Found a runed translucent gate.
  3908 | D:6      | Found a runed translucent gate.
  3909 | D:6      | Found an opulent altar of Gozag.
  3909 | D:6      | Noticed hemabe71's ghost (novice HuAr)
  4251 | D:6      | Reached skill level 5 in Long Blades
  4316 | D:6      | Found a white marble altar of Elyvilon.
  4523 | D:7      | Found a shadowy altar of Dithmenos.
  4638 | D:7      | Reached * piety under Okawaru
  4748 | D:7      | Found a flagged portal.
  4758 | Bailey   | Entered a bailey
  4790 | Bailey   | Gained mutation: When hurt, damage is shared between your
                  | health and your magic reserves. [demonic ancestry]
  4790 | Bailey   | Reached XP level 9. HP: 45/71 MP: 9/9
  4841 | Bailey   | Noticed an orc high priest
  4841 | Bailey   | Noticed an orc high priest
  4845 | Bailey   | Noticed a red devil
  4851 | Bailey   | Mangled by a red devil

Illustrated notes

Levels and vault maps discovered:
D:1:      psy_arrival_dodecagon, layout_basic
D:2:      layout_loops_ring, uniq_terence, uniq_jessica
D:3:      layout_basic, uniq_sigmund, uniq_grinder
D:4:      layout_basic, kennysheep_little_box,
          chequers_temple_overflow_statue_of_worship
D:5:      layout_loops_ring, overflow_temple_1_default
D:6:      layout_loops_ring, fedhas_altar_3, kennysheep_mini,
          minmay_temple_entry_proselytizer, ebering_ghost_gozag
D:7:      layout_basic, basic_altar, enter_bailey_2, uniq_duvessa, uniq_menkaure
Temple:   eino_wide_crystal_templ
Bailey:   bailey_axe_of_yendor_kennysheep, bailey

Skill      XL: |  1  2  3  4  5  6  7  8 |
---------------+-------------------------+-----
Long Blades    | 2 3 4 5 |  5.6
Armour         | 3 4 5 6 |  6.0
Shields        | 3 4 5 6 |  6.0
Fighting       | 4 5 6 |  6.6

Action                   |  1- 3 |  4- 6 |  7- 9 || total
-------------------------+-------+-------+-------++-------
Melee: Long sword        |    67 |    88 |   200 ||   355
       Kick              |       |    11 |    58 ||    69
Throw: Javelin           |       |     6 |       ||     6
Armor: Scale mail        |    22 |    40 |    49 ||   111
       Plate armour      |       |       |    10 ||    10
Dodge: Dodged            |    19 |    24 |    44 ||    87
Block: Kite shield       |    29 |    40 |   100 ||   169
       Rpst.: Long sword |     8 |     5 |    14 ||    27

Table legend:
 A = Non-vault XP
 B = Vault XP
 C = Vault XP percentage of total XP
 D = Non-vault monster count
 E = Vault monster count
 F = Vault count percentage of total count
                 A         B        C        D         E       F
            +---------+---------+-------+---------+---------+-------
      Total |    2156 |     765 |  26.2 |     106 |      12 |  10.2
            +---------+---------+-------+---------+---------+-------
        D:1 |      43 |       0 |   0.0 |      21 |       0 |   0.0
        D:2 |      69 |      75 |  52.1 |      17 |       2 |  10.5
        D:3 |     254 |     494 |  66.0 |      32 |       2 |   5.9
        D:4 |     521 |       0 |   0.0 |       9 |       0 |   0.0
        D:5 |      14 |       0 |   0.0 |       1 |       0 |   0.0
        D:6 |     885 |      41 |   4.4 |      17 |       1 |   5.6
        D:7 |     370 |       0 |   0.0 |       9 |       0 |   0.0
     Bailey |       0 |     155 | 100.0 |       0 |       7 | 100.0
            +---------+---------+-------+---------+---------+-------
